Map: Tours du crépuscule

Players

HanGPIErr - Winner!

  • Race: Zerg Zerg
  • League: Gold

kris

  • Race: Zerg Zerg
  • League: Diamond

VOD

Have the link to the VOD?

Description

Time

  • Played on: Jan. 5, 2016, 10:07 a.m.
  • Length: 3:09
Show
View Real Time Build Order
Export as new Build Order

HanGPIErr Zerg - Winner!

Build Orders: Pool First 

Get SALT Encoding   

  12  0:01  Drone  
  13  0:08  Drone  
  14  0:17  Overlord  
  14  0:25  Drone, Extractor  
  14  0:40  Spawning Pool  
  13  0:44  Drone  
  13  0:47  Drone  
  15  0:51  Drone  
  16  0:58  Drone  
  17  1:27  Queen  
  17  1:28  Zergling x6  
  17  1:29  Metabolic Boost  
  22  1:40  Overlord  
  22  1:49  Baneling Nest  
  22  1:50  Zergling x2  
  22  2:07  Zergling x2  
  23  2:19  Hatchery  
  23  2:20  Zergling x2  
  23  2:28  Zergling x2  
  24  2:38  Zergling x6  
  24  2:39  Zergling x2  
  24  2:41  Baneling x2  
  28  2:50  Zergling x2  
Show
View Real Time Build Order
Export as new Build Order

kris Zerg 

Build Orders: Hatch First 

Get SALT Encoding   

  12  0:01  Drone  
  13  0:12  Overlord  
  13  0:17  Drone  
  14  0:30  Drone  
  14  0:31  Drone  
  14  0:35  Drone  
  17  0:54  Hatchery  
  16  0:58  Drone  
  17  1:10  Extractor  
  17  1:11  Drone  
  17  1:13  Drone  
  17  1:17  Spawning Pool  
  17  1:20  Drone  
  18  1:32  Drone  
  19  1:39  Drone  
  20  1:49  Overlord  
  20  2:05  Queen  
  20  2:06  Queen  
  20  2:07  Zergling x4  
  26  2:11  Drone  
  27  2:18  Drone  
  27  2:22  Drone  
  29  2:36  Zergling x4  
  30  2:43  Spine Crawler  
  29  2:48  Zergling x4  
  29  2:51  Overlord  
Tags
 
Add a new tag
Caveats
  • Supply blocks, unpowered buildings, or Contaminate may cause inaccurate times.
  • Supply counts are checked every 10 seconds.